AoeStats
← MiNaToS 4to

Yucatan

510426989Analyzed
2v2 RM · 2d ago on Oct 1, 2026· 83m 30s· 4 players
Game mode
Random Map
Map size
Medium (4 player)
Population
200
Speed
Normal
Resources
Standard
Victory
Conquest
Starting age
Dark Age
Ending age
Imperial Age
RankedLock teamsTeams togetherTeam positionsShared explorationLock speedFull tech treeHidden civsTurbo modeCheats
Victory
Defeat
🇦🇷 Khmer · Argentina
1266
+17
🇦🇷 Varangians · Argentina
1226
+19
🇺🇸 Gurjaras · United States
1297
-18
🇺🇸 Huns · United States
1296
-18
MiNaToS 4to
10:19 Feudal Age
13:21 Castle Age
11:29 Double-Bit Axe
13:50 Loom
22:43 Bow Saw
22:25 Horse Collar
24:56 Wheelbarrow
24:25 Heavy Plow
26:01 Hand Cart
27:28 Light Cavalry
28:10 Town Watch
29:20 Husbandry
29:31 Bloodlines
31:06 Scale Barding Armor
31:14 Forging
32:31 Chain Barding Armor
35:17 Fletching
43:52 Imperial Age
42:22 Iron Casting
44:11 Bodkin Arrow
45:42 Blast Furnace
45:23 Plate Barding Armor
44:38 Hussar
46:49 Conscription
49:18 Blast Furnace
57:06 Gold Mining
57:06 Stone Mining
57:49 Crop Rotation
58:24 Capped Ram
64:16 Pikeman
65:05 Scale Mail Armor
65:12 Halberdier
66:13 Chain Mail Armor
72:11 Bracer
74:51 Elite Ballista Elephant
77:43 Ballistics
78:23 Chemistry
78:46 Double Crossbow
79:43 Siege Engineers
84:06 Hoardings
LGN. Gerfel
8:44 Loom
11:00 Feudal Age
14:51 Castle Age
12:41 Double-Bit Axe
16:08 Bow Saw
15:39 Man-at-Arms
16:59 Fletching
20:28 Horse Collar
23:43 Wheelbarrow
23:32 Bodkin Arrow
24:32 Ballistics
25:37 Padded Archer Armor
26:12 Hand Cart
29:59 Leather Archer Armor
30:48 Scale Barding Armor
33:55 Husbandry
35:35 Bloodlines
36:32 Gold Mining
37:52 Heavy Plow
43:30 Imperial Age
40:46 Town Watch
43:52 Stone Mining
44:25 Chain Barding Armor
44:16 Forging
43:35 Heavy Mounted Crossbowman
43:35 Cranequins
46:25 Chemistry
47:54 Conscription
48:24 Ring Archer Armor
47:55 Bracer
48:31 Iron Casting
50:08 Two-Man Saw
49:39 Crop Rotation
49:42 Vendel Legacy
49:44 Gothikon
58:36 Blast Furnace
58:12 Plate Barding Armor
62:48 Stone Shaft Mining
62:14 Scale Mail Armor
64:22 Pikeman
65:18 Town Patrol
64:57 Halberdier
65:37 Squires
65:23 Gambesons
66:24 Arson
66:56 Chain Mail Armor
AoE2 SMURF POLICE
5:05 Loom
8:48 Feudal Age
11:18 Double-Bit Axe
15:36 Wheelbarrow
18:52 Castle Age
18:32 Bloodlines
19:07 Scale Barding Armor
19:12 Forging
20:02 Husbandry
21:36 Chain Barding Armor
25:53 Forging
42:03 Imperial Age
41:22 Kshatriyas
41:15 Horse Collar
41:54 Bow Saw
42:39 Gold Mining
43:24 Conscription
42:57 Heavy Camel Rider
45:42 Hand Cart
46:47 Plate Barding Armor
47:43 Light Cavalry
50:05 Frontier Guards
59:26 Fletching
60:43 Hussar
77:02 Man-at-Arms
77:58 Scale Mail Armor
78:34 Iron Casting
77:36 Long Swordsman
78:17 Two-Handed Swordsman
81:04 Chain Mail Armor
Rothius
3:24 Loom
9:25 Feudal Age
10:15 Double-Bit Axe
15:05 Forging
16:37 Scale Barding Armor
20:30 Castle Age
18:59 Horse Collar
20:08 Gold Mining
20:36 Fletching
21:41 Bow Saw
23:23 Gold Shaft Mining
23:37 Husbandry
25:23 Ballistics
25:28 Bodkin Arrow
26:44 Padded Archer Armor
28:25 Wheelbarrow
28:41 Thumb Ring
32:56 Hand Cart
38:50 Chain Barding Armor
39:06 Iron Casting
41:16 Imperial Age
39:20 Leather Archer Armor
40:00 Bloodlines
40:46 Stone Mining
42:46 Masonry
43:39 Chemistry
43:25 Parthian Tactics
42:26 Heavy Cavalry Archer
43:21 Bracer
45:26 Conscription
45:18 Marauders
51:17 Masonry
55:03 Blast Furnace
55:09 Plate Barding Armor
56:24 Murder Holes
61:22 Elite Tarkan
78:54 Light Cavalry
79:40 Hussar
Connection lost

Rejoining the realm…

Still unreachable

The connection could not be restored.

Session expired

The server has moved on; the page needs a fresh start.